Map: Lerilak Crest

Players

Bazor - Winner!

  • Race: Terran Terran
  • League: Silver

DLN

  • Race: Protoss Protoss

VOD

Have the link to the VOD?

Description

Time

  • Played on: Dec. 27, 2015, 5:38 a.m.
  • Length: 4:44
Show
View Real Time Build Order
Export as new Build Order

Bazor Terran - Winner!

Build Orders: Liberator Opening 

Get SALT Encoding   

  12  0:01  SCV  
  13  0:13  SCV  
  14  0:19  Supply Depot  
  14  0:25  SCV  
  15  0:31  Refinery  
  15  0:40  SCV  
  16  0:46  Barracks  
  16  0:52  SCV  
  17  1:05  SCV  
  17  1:08  Refinery  
  18  1:17  SCV  
  19  1:29  SCV  
  20  1:35  Supply Depot  
  20  1:36  Reaper  
  21  1:41  Orbital Command  
  21  1:50  Factory  
  21  2:09  SCV  
  21  2:14  Marine  
  23  2:20  Engineering Bay  
  23  2:21  SCV  
  24  2:34  SCV  
  24  2:35  Factory Tech Lab  
  24  2:36  Marine  
  26  2:41  Starport  
  26  2:52  SCV  
  26  2:54  Missile Turret  
  26  2:56  Siege Tank  
  30  3:03  Supply Depot, Marine  
  31  3:10  Supply Depot, Liberator  
  31  3:24  SCV  
  31  3:26  Marine  
  36  3:39  Siege Tank  
  38  3:57  Marine  
  38  3:58  SCV  
  40  4:15  Marine  
Show
View Real Time Build Order
Export as new Build Order

DLN Protoss 

Build Orders:  

Get SALT Encoding   

  12  0:01  Probe (Chrono Boost)  
  13  0:13  Pylon  
  13  0:18  Probe (Chrono Boost)  
  14  0:35  Gateway, Probe (Chrono Boost)  
  15  0:43  Assimilator  
  15  0:46  Probe (Chrono Boost)  
  16  0:57  Probe (Chrono Boost)  
  17  1:12  Forge  
  17  1:28  Cybernetics Core  
  17  1:29  Probe (Chrono Boost)  
  18  1:33  Zealot  
  20  1:43  Gateway  
  20  1:45  Probe (Chrono Boost)  
  21  1:52  Pylon  
  21  2:00  Protoss Ground Weapons Level 1  
  21  2:06  Warp Gate (Chrono Boost)  
  21  2:10  Probe  
  21  2:14  Assimilator  
  22  2:39  Stalker  
  24  3:03  Nexus  
  24  3:11  Sentry  
  26  3:18  Probe  
  27  3:23  Photon Cannon  
  27  3:33  Probe, Robotics Facility  
  20  4:03  Assimilator  
  20  4:05  Probe  
  20  4:07  Assimilator  
  15  4:35  Stalker  
Tags
 
Add a new tag
Caveats
  • Supply blocks, unpowered buildings, or Contaminate may cause inaccurate times.
  • Supply counts are checked every 10 seconds.